cohdb
Replays
Latest Replays
All Replays
Popular Replays
Top Player Replays
Match Explorer
How It Works
Community
CoH3 Stats
Reddit
Sign in to upload your games and track your stats! →
Sign in with Steam
Match 39695610
Unlisted
Match 39695610
Overview
Messages
Build Orders
End
Construct Barracks
Engineer Squad
Selects Heavy Weapons
Riflemen Squad
M1 Mortar Team
Riflemen Squad
Selects Assault Carriers
Construct Weapon Support Center
Air Support Center
M3 Assault Carrier
Riflemen Squad
Bazooka Squad
P-47 Strafing Run
Grasshopper Recon Run
Selects Exchangeable Parts
M1918 Browning Automatic Rifles
P-47 Strafing Run
Grasshopper Recon Run
P-47 Strafing Run
Construct Tank Depot
P-47 Dive Bomb
Grasshopper Recon Run
atank
Bruistablet
HI
乔龙迪克
0
0
Comments
sign in to comment!
No comments posted yet!